 Dungeon Sprint DCSS version 0.29-a0-723-gce39da1c22 (webtiles) character file.

Game seed: 954211269978315485

1534 manyhoops the Severer (level 9, -4/68 HPs)
             Began as a Formicid Fighter on June 28, 2022.
             Slain by a polar bear (5 damage)
             ... in the Dungeon (Sprint II: "The Violet Keep of Menkaure").
             The game lasted 00:04:17 (1089 turns).

manyhoops the Severer (Formicid Fighter)            Turns: 1089, Time: 00:04:19

Health: -4/68      AC: 14    Str: 28 (29) XL:     9   Next: 11%
Magic:  0/0        EV: 10    Int: 11      God:
Gold:   178        SH:  7    Dex: 13      Spells: 8/8 levels left

rFire   + + .      SeeInvis +   a - +0 war axe
rCold   + . .      Faith    .   c - +0 buckler
rNeg    . . .      Spirit   .   f - +4 ring mail of Cloud Cover {Str+3}
rPois   .          Reflect  .   (helmet unavailable)
rElec   .          Harm     .   h - scarf {rC+ rF+}
rCorr   .          Rampage  .   (no gloves)
Will    .....                   d - +0 pair of boots
Stlth   +.........              (no amulet)
HPRegen 0.21/turn               m - ring "Seyloo" {rF+ MP-9 AC+4 Int+6}
MPRegen 0.07/turn               (no ring)

@: no status effects
A: permanent stasis, dig shafts and tunnels, antennae 3, four strong arms,
deterioration 1, dopey 1, low MP 1
a: Dig


You were in the Dungeon.
You visited 1 branch You collected 2298 gold pieces.
You spent 2120 gold pieces at shops.

Inventory:

Hand Weapons
 a - a +0 war axe (weapon)
Armour
 c - a +0 buckler (worn)
 d - a +0 pair of boots (worn)
 f - the +4 ring mail of Cloud Cover (worn) {Str+3}
   (You bought it in a shop in the Dungeon)

   Str:       It affects your strength (+3).
 h - a scarf of resistance (worn)
Jewellery
 m - the ring "Seyloo" (left hand) {rF+ MP-9 AC+4 Int+6}
   (You bought it in a shop in the Dungeon)

   [ring of protection]

   AC:        It affects your AC (+4).
   Int:       It affects your intelligence (+6).
   rF:        It protects you from fire.
   MP:        It affects your magic capacity (-9).
Scrolls
 i - 2 scrolls of enchant armour
 j - 2 scrolls of identify
Potions
 e - 3 potions of curing
 g - 2 potions of magic
 k - a potion of resistance
 l - a potion of flight


   Skills:
 - Level 5.3 Fighting
 - Level 15.4 Axes
 + Level 3.2 Armour
 - Level 14.2 Shields


You had 8 spell levels left.
You didn't know any spells.
Your spell library was empty.

Dungeon Overview and Level Annotations

Branches:
Dungeon (1/1)

Altars:
Cheibriados
Dithmenos
Elyvilon
Fedhas
Hepliaklqana
Kikubaaqudgha
Qazlal
Ru
Sif Muna
Wu Jian
Beogh
Jiyva
Lugonu

Shops:
D [::(=!![[:*=(??

Annotations:
D exclusion: oklob plant, Roxanne


Innate Abilities, Weirdness & Mutations

You cannot be hasted, slowed, berserked, paralysed or teleported.
You can dig through walls and to a lower floor.
You have a pair of large antennae on your head. (SInv)
Your four strong arms can wield two-handed weapons with a shield.
Your body sometimes deteriorates upon taking damage.
You are dopey. (Int -2)
Your magical capacity is low. (-10% MP)


Message History

The polar bear is lightly wounded.
The polar bear bites you but does no damage.
The polar bear closely misses you. The polar bear misses you.
You slash the polar bear!
The polar bear is heavily wounded.
The polar bear bites you. The polar bear barely misses you.
The polar bear claws you but does no damage.
You hit the polar bear but do no damage.
The polar bear is heavily wounded.
You slash the polar bear!
The polar bear is severely wounded.
You block the polar bear's attack. The polar bear barely misses you.
The polar bear claws you but does no damage.
The polar bear is engulfed in a cloud of scalding steam.
You hit the polar bear.
The polar bear is severely wounded.
The polar bear goes berserk!
You hit the polar bear but do no damage.
The polar bear is severely wounded.
You block the polar bear's attack. The polar bear barely misses you.
You block the polar bear's attack.
You hit the polar bear.
The polar bear is severely wounded.
The polar bear bites you! The polar bear barely misses you.
The polar bear claws you.
You barely miss the polar bear.
The polar bear is severely wounded.
The polar bear bites you!!
Your body deteriorates!
You feel weakened. The polar bear claws you.
* * * LOW HITPOINT WARNING * * *
The polar bear claws you.
* * * LOW HITPOINT WARNING * * *
You feel much better. The polar bear bites you!
* * * LOW HITPOINT WARNING * * *
The polar bear claws you but does no damage.
The polar bear closely misses you. The polar bear bites you!
* * * LOW HITPOINT WARNING * * *
You block the polar bear's attack. The polar bear claws you.
You die...

####≈≈≈.........# { {
...#≈≈≈≈.##'##..# {
...#≈≈≈≈##...##.#### {
∩..#≈≈≈≈#..#).#....#{
.∩.#≈≈####...####..##
∩.∩#≈##.###'###.##..# { .# {#
.∩.#≈#...##.##..##..#{ .#{.#
..∩'≈'##.'.<.'.##h..### .##.#
...#≈#...##.##.#@#....###.h.##▓
▓###≈##.###÷###.##...h..≈≈≈≈≈≈≈
####≈≈####.#.####≈≈.....§#+####
. ##≈≈≈#.###.#≈≈≈≈≈≈≈..§#.._._
$#+ +#≈## #.##≈§≈≈≈≈≈§.§#._._.
##{ { ≈≈# +##≈≈≈§≈≈≈≈≈≈≈#_._._
#≈§{ ≈≈ ≈≈≈≈≈§≈≈≈≈≈≈≈#._._. .≈°
++ +++#≈≈≈≈§≈≈≈≈#.._._ {
##≈≈≈###≈§#..._.


You could see a polar bear (berserk).

Vanquished Creatures
  A merfolk siren (D)
  2 wyverns (D)
  4 neqoxecs (D)
  Menkaure (D)
  4 necrophages (D)
12 creatures vanquished.

Vanquished Creatures (others)
  A water moccasin (D)
1 creature vanquished.

Grand Total: 13 creatures vanquished

Notes
Turn   | Place    | Note
-------+----------+-------------------------------------------
     0 | D        | manyhoops the Formicid Fighter began the quest for the Orb.
     0 | D        | Reached XP level 1. HP: 18/18 MP: 1/1
     1 | D        | Noticed a merfolk siren
    14 | D        | Killed a merfolk siren
    15 | D        | Reached skill level 13 in Axes
    15 | D        | Reached XP level 2. HP: 6/24 MP: 2/2
    15 | D        | Reached XP level 3. HP: 8/29 MP: 3/3
    15 | D        | Reached XP level 4. HP: 10/35 MP: 4/4
    15 | D        | Reached XP level 5. HP: 11/41 MP: 5/5
    15 | D        | Reached XP level 6. HP: 13/47 MP: 6/6
    58 | D        | Killed a water moccasin
   249 | D        | Reached skill level 14 in Axes
   249 | D        | Reached XP level 7. HP: 50/52 MP: 7/7
   270 | D        | Reached skill level 15 in Axes
   423 | D        | Noticed a neqoxec
   423 | D        | Noticed a neqoxec
   423 | D        | Noticed a neqoxec
   423 | D        | Noticed a neqoxec
   426 | D        | Gained mutation: You have an increased reservoir of magic.
                  | (+10% MP) [a neqoxec]
   428 | D        | Killed a neqoxec
   429 | D        | Reached XP level 8. HP: 53/58 MP: 8/8
   431 | D        | Lost mutation: You have an increased reservoir of magic.
                  | (+10% MP) [a neqoxec]
   434 | D        | Gained mutation: Your body sometimes deteriorates upon
                  | taking damage. [a neqoxec]
   445 | D        | Gained mutation: You are dopey. (Int -2) [a neqoxec]
   446 | D        | Gained mutation: Your magical capacity is low. (-10% MP) [a
                  | neqoxec]
   606 | D        | Noticed a wyvern
   606 | D        | Noticed a wyvern
   609 | D        | Killed a wyvern
   617 | D        | Killed a wyvern
   618 | D        | Reached XP level 9. HP: 10/64 MP: 8/8
   893 | D        | Found Tet Vush's Antique Weapon Shoppe.
   893 | D        | Found Hyehow's Magic Scroll Shoppe.
   893 | D        | Found Yteazuim's Assorted Antiques.
   893 | D        | Found Lakhedwo's Jewellery Emporium.
   893 | D        | Found Vixyvah's Antique Armour Shoppe.
   893 | D        | Found Igroizepn's Book Shoppe.
   894 | D        | Found Cequzakkog's Antique Armour Emporium.
   895 | D        | Found Deosal's Magic Scroll Emporium.
   895 | D        | Found Qiun's Distillery.
   895 | D        | Found Borit's Distillery.
   897 | D        | Found Leemap's Jewellery Shoppe.
   897 | D        | Found Yruppyrph's Weapon Emporium.
   897 | D        | Noticed Menkaure
   897 | D        | Noticed a fire dragon
   897 | D        | Noticed an oklob plant
   897 | D        | Noticed a manticore
   898 | D        | Found Veett's Armour Emporium.
   898 | D        | Found Fiopeulo's Book Shoppe.
   898 | D        | Found Golant's Book Shoppe.
   898 | D        | Noticed a manticore
   898 | D        | Noticed a manticore
   910 | D        | Killed Menkaure
   911 | D        | Reached skill level 5 in Fighting
   916 | D        | Bought a scroll of acquirement for 572 gold pieces
   916 | D        | Acquired 1326 gold pieces
   927 | D        | Bought a +0 pair of boots for 54 gold pieces
   927 | D        | Noticed an iron elemental
   935 | D        | Bought an ichor-stained ring mail for 216 gold pieces
   935 | D        | Identified the +4 ring mail of Cloud Cover {Str+3} (You
                  | bought it in a shop in the Dungeon)
   935 | D        | Bought a runed scarf for 192 gold pieces
   959 | D        | Bought a potion of heal wounds for 120 gold pieces
   961 | D        | Bought a scroll of enchant armour for 82 gold pieces
   961 | D        | Bought a scroll of identify for 22 gold pieces
   961 | D        | Bought a scroll of enchant armour for 82 gold pieces
   961 | D        | Bought a scroll of identify for 22 gold pieces
   968 | D        | Bought a potion of resistance for 100 gold pieces
   968 | D        | Bought a potion of curing for 30 gold pieces
   968 | D        | Bought a potion of curing for 30 gold pieces
   970 | D        | Bought a potion of flight for 30 gold pieces
  1028 | D        | Bought the ring "Seyloo" {rF+ MP-9 AC+4 Int+6} for 568 gold
                  | pieces
  1050 | D        | Identified Roxanne's Guide on Shape Shifting
  1050 | D        | Noticed Roxanne
  1065 | D        | Found a hazy altar of Hepliaklqana.
  1065 | D        | Found a snail-covered altar of Cheibriados.
  1066 | D        | Found a stormy altar of Qazlal.
  1066 | D        | Found a viscous altar of Jiyva.
  1066 | D        | Found a shadowy altar of Dithmenos.
  1067 | D        | Found a sacrificial altar of Ru.
  1067 | D        | Found an ancient bone altar of Kikubaaqudgha.
  1067 | D        | Found a white marble altar of Elyvilon.
  1068 | D        | Found a shimmering blue altar of Sif Muna.
  1068 | D        | Found an ornate altar of the Wu Jian Council.
  1068 | D        | Found a corrupted altar of Lugonu.
  1068 | D        | Found a blossoming altar of Fedhas.
  1068 | D        | Noticed a polar bear
  1068 | D        | Noticed a polar bear
  1089 | D        | HP: 1/68 [polar bear (16)]
  1089 | D        | Slain by a polar bear

Illustrated notes

Levels and vault maps discovered:
D:        the_violet_keep_of_menkaure [sprint2_stairs_cluster_1,
          sprint2_shoproom, sprint2_temple, sprint2_basic_supplies,
          sprint2_obstacle_5, sprint2_obstacle_4, sprint2_obstacle_6,
          sprint2_obstacle_1, sprint2_obstacle_2, sprint2_timed_cluster_1,
          sprint2_smallroom_cluster_1, sprint2_smallroom_final_cluster_1,
          sprint2_transparent_cluster_1, sprint2_second_timed_cluster_1,
          sprint2_sniper_area_1, sprint2_heavy_combat_area_1,
          sprint2_mutation_trap_area_1, sprint2_forest_area_1,
          sprint2_light_combat_area_1, sprint2_behind_water_1,
          sprint2_near_end_vault_1]

Skill      XL: |  1  2  3  4  5  6  7  8  9 |
---------------+----------------------------+-----
Axes           | 13 14 15 | 15.4
Shields        | 7 14 | 14.2
Fighting       | 5 |  5.3
Armour         | |  3.2

Action                   |  1- 3 |  4- 6 |  7- 9 || total
-------------------------+-------+-------+-------++-------
Melee: War axe           |    10 |     5 |    77 ||    92
  Use: Potion            |     1 |       |     2 ||     3
       Scroll            |       |       |     1 ||     1
Armor: Scale mail        |       |     1 |     9 ||    10
       Ring mail         |       |       |     6 ||     6
Dodge: Dodged            |       |     1 |    27 ||    28
Block: Buckler           |       |       |    16 ||    16

Table legend: (Time is in decaauts)
 A = Elapsed time spent in this place.
 B = Non-inter-level travel time spent in this place.
 C = Inter-level travel time spent in this place.
 D = Time resting spent in this place.
 E = Time spent auto-exploring this place.
 F = Levels seen in this place.
 G = Mean time per level.
                   A        B        C        D        E       F      G
               +--------+--------+--------+--------+--------+-----+--------+
         Total |   1075 |   1075 |      0 |    785 |      0 |   1 | 1075.0 |
       Dungeon |   1075 |   1075 |      0 |    785 |      0 |   1 | 1075.0 |
               +--------+--------+--------+--------+--------+-----+--------+

Top non-repeatable levels by time:
       D: 1075 daAuts
